 Dungeon Crawl Stone Soup version 0.28-a0-407-g69098e2f6d (webtiles) character file.

Game seed: 2432869915403760047

3227 omnomnOMINOUS the Skirmisher (level 9, -4/57 HPs)
             Began as an Octopode Wanderer on Sept 5, 2021.
             Was a Follower of Hepliaklqana.
             Slain by a centaur (6 damage)
             ... on level 12 of the Dungeon.
             The game lasted 00:50:38 (12124 turns).

omnomnOMINOUS the Skirmisher (Octopode Wanderer)   Turns: 12124, Time: 00:50:39

Health: -4/57      AC:  1    Str:  9    XL:     9   Next: 98%
Magic:  18/18      EV: 15    Int: 20    God:    Hepliaklqana [*.....]
Gold:   1295       SH:  0    Dex: 11    Spells: 13/20 levels left

rFire   . . .      SeeInvis .   a - +5 dagger (venom)
rCold   . . .      Faith    .   (no shield)
rNeg    . . .      Spirit   .   (helmet restricted)
rPois   .          Reflect  .   (no amulet)
rElec   .          Harm     .   (no ring)
rCorr   .          Rampage  .   (no ring)
Will    .....                   (no ring)
Stlth   ++........              (no ring)
HPRegen 0.19/turn               (no ring)
MPRegen 0.16/turn               (no ring)
                                (no ring)
                                (no ring)

@: fire susceptible
A: reduced essence, almost no armour, amphibious, 8 rings, camouflage 1,
gelatinous body 1, (nimble swimmer 1), tentacles
a: Renounce Religion, Recall Ancestor, Ancestor Identity


You were on level 12 of the Dungeon.
You worshipped Hepliaklqana.
Hepliaklqana was aware of your devotion.
You visited 2 branches of the dungeon, and saw 16 of its levels.
You also visited: Sewer.

You collected 1295 gold pieces.

Inventory:

Hand Weapons
 a - a +5 dagger of venom (weapon)
 b - a +0 whip of electrocution
Missiles
 q - 2 curare-tipped darts (quivered)
 z - a throwing net
Magical Staves
 h - a staff of death
 w - a staff of conjuration
Wands
 c - a wand of charming (7)
 o - a wand of iceblast (6)
 y - a wand of polymorph (7)
Scrolls
 e - 4 scrolls of fear
 j - 2 scrolls of enchant armour
 l - 2 scrolls of immolation
 p - a scroll of brand weapon
 x - a scroll of blinking
 I - 2 scrolls of noise
Potions
 k - a potion of magic {unknown}
 m - a potion of resistance {unknown}
 n - a potion of haste
 r - a potion of invisibility
 u - a potion of brilliance {unknown}
Miscellaneous
 i - a lightning rod (4/4)


   Skills:
 + Level 7.4 Fighting
 + Level 7.3 Dodging
 - Level 2.0 Shields
 - Level 6.0 Spellcasting
 - Level 2.0 Translocations
 - Level 2.0 Transmutations
 * Level 5.9 Air Magic
 - Level 2.4 Poison Magic


You had 13 spell levels left.
You knew the following spells:

 Your Spells              Type           Power      Damage    Failure   Level
a - Apportation           Tloc           28%        N/A       4%          1
b - Blink                 Tloc           N/A        N/A       7%          2
c - Airstrike             Air            14%        N/A       10%         4

Your spell library contained the following spells:

 Spells                   Type           Power      Damage    Failure   Level
 Beastly Appendage        Tmut           28%        N/A       4%          1
 Corpse Rot               Necr/Air       N/A        N/A       4%          2
 Wereblood                Tmut           14%        N/A       7%          2
 Animate Skeleton         Necr           12%        N/A       11%         1
 Corona                   Hex            6%         N/A       11%         1
 Summon Small Mammal      Summ           24%        N/A       11%         1
 Spider Form              Tmut/Pois      7%         N/A       13%         3
 Gell's Gravitas          Tloc           7%         N/A       14%         3
 Lesser Beckoning         Tloc           14%        N/A       14%         3
 Teleport Other           Tloc           14%        N/A       14%         3
 Ensorcelled Hibernation  Hex/Ice        12%        N/A       16%         2
 Slow                     Hex            6%         N/A       16%         2
 Sublimation of Blood     Necr           3%         N/A       16%         2
 Confusing Touch          Hex            6%         N/A       30%         3
 Ozocubu's Armour         Ice            6%         N/A       30%         3
 Tukima's Dance           Hex            6%         N/A       30%         3
 Vampiric Draining        Necr           3%         2d6       30%         3
 Summon Lightning Spire   Summ/Air       17%        N/A       30%         4
 Lightning Bolt           Conj/Air       8%         1d21      65%         5
 Manifold Assault         Tloc           14%        N/A       77%         5
 Ozocubu's Refrigeration  Ice            3%         4d5       100%        7


Dungeon Overview and Level Annotations

Branches:
Dungeon (15/15)            Temple (1/1) D:6             Orc (0/2) D:11
  Sewer (visited)
   Lair: D:8-11      Vaults: D:13-14     Depths: D:15

Altars:
Ashenzari
Cheibriados
Elyvilon
Fedhas
Hepliaklqana
Kikubaaqudgha
Makhleb
Nemelex Xobeh
Okawaru
Ru
Sif Muna
Uskayaw
Vehumet
Wu Jian
Xom
Yredelemnul
Zin
Ignis

Shops:
D:3 =   D:11 (

Annotations:
D:4 3 runed translucent doors, RandomusNamus's ghost, amateur TrMo
D:8 4 runed translucent doors
D:9 Maurice
D:12 Nessos


Innate Abilities, Weirdness & Mutations

Your life essence is reduced to manifest your ancestor. (-10% HP)
You cannot wear most types of armour.
You are amphibious.
You can wear up to eight rings at the same time.
Your skin changes colour to match your surroundings (Stealth+).
Your rubbery body absorbs attacks. (AC +1, EV +1)
((You are camouflaged near water. (Stealth+)))
You have tentacles for arms and can constrict up to eight enemies at once.


Message History

* * * LOW HITPOINT WARNING * * *
The centaur kicks you.
* * * LOW HITPOINT WARNING * * *
Unknown command.
Okay, then.
Unknown command.
You puncture the centaur!
You kill the centaur!
The centaur shoots an arrow.
The arrow hits you!
* * * LOW HITPOINT WARNING * * *
Unknown command.
You feel better.
The centaur unwields a +0 shortbow.
The centaur hits you but does no damage.
The centaur kicks you.
* * * LOW HITPOINT WARNING * * *
Unknown command.
You hit the centaur.
The centaur is moderately wounded.
The centaur barely misses you. The centaur misses you.
You hit the centaur.
The centaur is poisoned.
The centaur is moderately wounded.
The centaur hits you.
* * * LOW HITPOINT WARNING * * *
The centaur barely misses you. The centaur hits you.
* * * LOW HITPOINT WARNING * * *
The centaur kicks you but does no damage.
You swap places.
The centaur hits omcestor.
The centaur closely misses omcestor.
Omcestor hits the centaur!
You kill the centaur!
You start resting.
A centaur comes into view.
The centaur wields a +0 shortbow.
The centaur shoots an arrow.
The arrow hits omcestor!
You start resting.
Something hits omcestor but does no damage.
Something misses omcestor.
You swap places.
The centaur hits you.
* * * LOW HITPOINT WARNING * * *
The centaur closely misses you. The centaur hits you.
You die...

# ### #.#.# .#c.
.c# #.#
#####.######
#####.....c....#
####.......#.####c#
R..+.......#...R@.#
####.......########
..##.......#
#R##.......#
#y##.......#
..##.........
####........##
########..


You could see the friendly omcestor the ancestor and a centaur (ally target).

Vanquished Creatures
  Prince Ribbit (D:5)
  An orc warrior (D:11)
  A shadow (D:10)
  3 fire elementals
  A water moccasin (D:8)
  2 ice beasts (D:6)
  An ogre (D:6)
  4 centaurs
  3 kobold brigands
  A bullfrog (D:7)
  Blork the orc (D:5)
  3 water moccasin zombies
  2 water moccasin skeletons
  5 wights (D:6)
  2 jellies (D:5)
  A gnoll shaman (D:4)
  A hound (D:6)
  2 orc priests
  A centaur skeleton (D:4)
  2 bullfrog skeletons
  3 iguanas
  3 orc wizards
  Robin (D:2)
  4 gnolls (D:4)
  A howler monkey skeleton (D:6)
  6 adders
  4 river rats (Sewer)
  A shadow imp (D:7)
  A white imp (D:6)
  2 adder skeletons (D:4)
  2 worms (D:2)
  2 dart slugs
  20 orcs
  6 endoplasms
  3 giant cockroaches
  14 goblins
  8 hobgoblins
  3 quokkas
  12 ball pythons
  9 bats
  5 frilled lizards
  32 kobolds
  26 rats
206 creatures vanquished.

Vanquished Creatures (collateral kills)
  A cyclops (D:15)
  An orc warrior (D:11)
  5 orcs (D:11)
7 creatures vanquished.

Vanquished Creatures (others)
  An ancestor (D:14)
  177 foxfires
  10 fungi (D:6)
  27 plants (D:14)
215 creatures vanquished.

Grand Total: 428 creatures vanquished

Notes
Turn   | Place    | Note
-------+----------+-------------------------------------------
     0 | D:1      | omnomnOMINOUS the Octopode Wanderer began the quest for the
                  | Orb.
     0 | D:1      | omnomnOMINOUS set off with the following items: a +0
                  | dagger, a potion of curing; and the following spells
                  | available to memorise: Blink, Gell's Gravitas, Lesser
                  | Beckoning, Teleport Other, Corpse Rot, Sublimation of
                  | Blood, Manifold Assault
     0 | D:1      | Reached XP level 1. HP: 11/11 MP: 3/3
   727 | D:1      | Reached skill level 1 in Fighting
   727 | D:1      | Reached skill level 1 in Dodging
   727 | D:1      | Reached XP level 2. HP: 18/18 MP: 5/5
   730 | D:1      | Learned a level 2 spell: Blink
   875 | D:1      | Learned a level 1 spell: Apportation
  1449 | D:1      | Found a faded altar of an unknown god.
  1456 | D:1      | Reached XP level 3. HP: 23/23 MP: 6/6
  1465 | D:1      | Became a worshipper of Ignis, the Dying Flame
  2116 | D:2      | Found a hazy altar of Hepliaklqana.
  2150 | D:2      | Noticed Robin
  2155 | D:2      | Killed Robin
  2156 | D:2      | Reached XP level 4. HP: 19/29 MP: 7/7
  2729 | D:3      | Found Siyx's Jewellery Emporium.
  2859 | D:3      | Found a glowing drain.
  2863 | Sewer    | Entered a sewer
  3006 | Sewer    | Reached XP level 5. HP: 29/35 MP: 9/9
  3156 | Sewer    | Noticed a kobold brigand
  3178 | Sewer    | Killed a kobold brigand
  3629 | Sewer    | Reached XP level 6. HP: 27/42 MP: 11/11
  5101 | D:3      | Found a glowing silver altar of Zin.
  5399 | D:4      | Noticed RandomusNamus's ghost (amateur TrMo)
  5402 | D:4      | Found a runed translucent gate.
  5403 | D:4      | Found a runed translucent gate.
  5403 | D:4      | Found a runed translucent gate.
  5951 | D:4      | Reached XP level 7. HP: 22/47 MP: 13/13
  6122 | D:4      | Found a white marble altar of Elyvilon.
  6463 | D:4      | Found a shimmering altar of Xom.
  6680 | D:5      | Entered Level 5 of the Dungeon
  6680 | D:5      | Found an ancient bone altar of Kikubaaqudgha.
  6965 | D:5      | Noticed Prince Ribbit
  6984 | D:5      | Killed Prince Ribbit
  6993 | D:5      | Noticed Blork the orc
  7019 | D:5      | Reached skill level 5 in Fighting
  7019 | D:5      | Reached skill level 5 in Spellcasting
  7019 | D:5      | Reached XP level 8. HP: 50/55 MP: 15/15
  7024 | D:5      | Killed Blork the orc
  7025 | D:5      | Reached skill level 5 in Dodging
  7951 | D:6      | Found a radiant altar of Vehumet.
  8976 | D:6      | Found a basalt altar of Yredelemnul.
  9276 | D:6      | Found a staircase to the Ecumenical Temple.
  9292 | D:6      | Learned a level 4 spell: Airstrike
  9417 | D:6      | Reached skill level 1 in Air Magic
  9668 | D:6      | Reached XP level 9. HP: 61/62 MP: 13/18
  9833 | Temple   | Entered the Ecumenical Temple
  9966 | Temple   | Fell from the grace of Ignis
  9966 | Temple   | Became a worshipper of Hepliaklqana the Forgotten
 10756 | D:7      | Found a hide-covered altar of Uskayaw.
 10777 | D:7      | You fall into a shaft and drop 3 floors!
 10777 | D:10     | Entered Level 10 of the Dungeon
 10793 | D:10     | Identified a scroll of acquirement
 10793 | D:10     | Acquired 789 gold pieces
 10828 | D:10     | Found a shimmering blue altar of Sif Muna.
 10863 | D:9      | Noticed Maurice
 10863 | D:9      | Noticed a troll
 10976 | D:8      | Found a huge runed translucent gate.
 10978 | D:8      | Found a huge runed translucent gate.
 10979 | D:8      | Found a huge runed translucent gate.
 10979 | D:8      | Noticed a polar bear
 10980 | D:8      | Noticed a polar bear
 10980 | D:8      | Found a huge runed translucent gate.
 10980 | D:8      | Noticed a polar bear
 10980 | D:8      | Noticed a manticore
 11130 | D:8      | You fall into a shaft and drop 3 floors!
 11234 | D:11     | Reached * piety under Hepliaklqana
 11257 | D:11     | Found Tujuist's Weapon Boutique.
 11257 | D:11     | Found a staircase to the Orcish Mines.
 11301 | D:11     | You fall into a shaft and drop 3 floors!
 11452 | D:14     | Noticed a purple ugly thing
 11453 | D:14     | Noticed a purple ugly thing
 11458 | D:14     | Noticed a seven-headed hydra
 11460 | D:15     | Entered Level 15 of the Dungeon
 11462 | D:15     | Noticed a cyclops
 11647 | D:15     | Killed a cyclops
 11648 | D:15     | Reached skill level 5 in Air Magic
 11903 | D:14     | Noticed a gargoyle
 11952 | D:12     | Noticed Nessos
 12124 | D:12     | HP: 2/57 [centaur (5)]
 12124 | D:12     | Slain by a centaur

Illustrated notes

Levels and vault maps discovered:
D:1:      kilobyte_arrival_exit_the_forest, layout_basic,
          shapermc_ecumenical_altar_starsandcircs
D:2:      layout_rooms, basic_altar, uniq_robin
D:3:      layout_loops_ring, zin_statuary, gup_sewer_entry_bowl, serial_shops,
          shop, ebering_dispersal_statue_hall
D:4:      layout_rooms, mainiacjoe_overflow_alcove_2, elyvilon_altar_3,
          gammafunk_ghost_split, serial_glass, glass_columns_a, glass_columns_a,
          glass_columns_b, glass_columns_a, item_on_display_a,
          minmay_strange_pillars, item_on_display_a, due_unseen_surprise
D:5:      layout_basic, mainiacjoe_overflow_catwalk, hex_tiny,
          uniq_blork_the_orc, uniq_prince_ribbit1
D:6:      layout_loops_corners, nicolae_vehumet_altar_sigil,
          mainiacjoe_overflow_small_starburst, minmay_temple_entry_offerings,
          serial_aquarium, aquarium_bridge_island_large
          [aquarium_subvault_large_water, aquarium_subvault_balcony,
          aquarium_subvault_bridge, aquarium_subvault_bridge,
          aquarium_subvault_wall], aquarium_window_fake, aquarium_window_2,
          aquarium_window_fake, aquarium_view_2b, aquarium_view_2c
D:7:      layout_basic, eat_drink_and_be_merry_uskayaw, st_stairs_3
D:8:      lemuel_bear_cage, layout_basic, mainiacjoe_overflow_brackets,
          mainiacjoe_overflow_paths
D:9:      minmay_distorted_concentric_squares, layout_rooms,
          lemuel_doored_altar, lemuel_flamethrower_2, uniq_maurice
D:10:     layout_rooms, nzn_overflow_gifts_of_might_and_magic,
          grunt_dithmenos_smoke_and_mirrors, dpeg_lair_monsters, enter_bailey_3
D:11:     layout_grid_maze, orc_david_3, gauntlet_entry_generic, serial_shops,
          nicolae_shop_waterfront, chequers_jeans, st_stairs_3
D:12:     layout_basic, uniq_psyche, uniq_nessos
D:13:     layout_gridville, skrybe_vaults_entry_preservation,
          minmay_misc_feat_five, chequers_mini_garden, tgw_lugonu_bribe
D:14:     layout_basic, serial_bayou, serial_bayou_lagoon_a,
          serial_bayou_ford_a, serial_bayou_shore_b, serial_bayou_shore_b
D:15:     gammafunk_depths_entry_grave, layout_irregular_city,
          serial_park_square3 [serial_park_minivault_5x5_2],
          gammafunk_ghost_crypt
Temple:   nicolae_temple_figure_zero

Skill      XL: |  1  2  3  4  5  6  7  8  9 |
---------------+----------------------------+-----
Fighting       | 1 2 3 5 6 7 |  7.4
Dodging        | 1 2 3 4 6 7 |  7.3
Spellcasting   | 3 4 5 6 |  6.0
Air Magic      | 1 5 |  5.9
Shields        | |  2.0
Translocations | |  2.0
Transmutations | |  2.0
Poison Magic   | |  2.4

Action                   |  1- 3 |  4- 6 |  7- 9 || total
-------------------------+-------+-------+-------++-------
Melee: Dagger            |    76 |   199 |   175 ||   450
       Tentacles         |    20 |    26 |    40 ||    86
       Whip              |    11 |     6 |    35 ||    52
       Constrict         |    20 |    52 |    40 ||   112
Throw: Dart              |       |       |     1 ||     1
 Cast: Blink             |       |       |     3 ||     3
       Airstrike         |       |       |    11 ||    11
Invok: Foxfire Swarm     |     1 |     1 |     8 ||    10
       Sea of Fire       |       |       |     1 ||     1
       Recall Ancestor   |       |       |     4 ||     4
       Ancestor Identity |       |       |     1 ||     1
Evoke: Wand              |       |       |     2 ||     2
  Use: Potion            |       |     2 |    17 ||    19
       Scroll            |       |       |    20 ||    20
 Stab: Sleeping          |     3 |    10 |     3 ||    16
Armor: Skin              |     7 |     9 |    35 ||    51
Dodge: Dodged            |    51 |   123 |   157 ||   331

Table legend: (Time is in decaauts)
 A = Elapsed time spent in this place.
 B = Non-inter-level travel time spent in this place.
 C = Inter-level travel time spent in this place.
 D = Time resting spent in this place.
 E = Time spent auto-exploring this place.
 F = Levels seen in this place.
 G = Mean time per level.
                   A        B        C        D        E       F      G
               +--------+--------+--------+--------+--------+-----+--------+
         Total |  12138 |  11790 |    348 |   3218 |   6283 |  17 |  714.0 |
       Dungeon |  10312 |   9996 |    316 |   2552 |   5433 |  15 |  687.5 |
        Temple |    146 |    115 |     31 |      0 |    112 |   1 |  146.0 |
         Sewer |   1679 |   1679 |      0 |    666 |    738 |   1 | 1679.0 |
               +--------+--------+--------+--------+--------+-----+--------+

Top non-repeatable levels by time:
     D:6: 2102 daAuts
     D:4: 1772 daAuts
   Sewer: 1679 daAuts
     D:1: 1665 daAuts
     D:3: 953 daAuts
     D:5: 894 daAuts
     D:2: 867 daAuts
     D:7: 726 daAuts
    D:15: 424 daAuts
     D:8: 259 daAuts
    D:14: 200 daAuts
    D:12: 171 daAuts
    D:11: 170 daAuts
  Temple: 146 daAuts
    D:10: 76 daAuts
